 Dungeon Crawl Stone Soup version 0.30.1-9-gdf580d7c3d (webtiles) character file.

Game seed: 8469333598116884886

35898 Peloso the Fencer (level 13, -1/117 (119) HPs)
             Began as a Minotaur Fighter on Oct 17, 2023.
             Was a High Priest of Okawaru.
             Slain by a cane toad (14 damage)
             ... on level 3 of the Lair of Beasts.
             The game lasted 00:30:30 (15096 turns).

Peloso the Fencer (Minotaur Fighter)               Turns: 15096, Time: 00:30:34

HP:   -1/117 (119)  AC: 17    Str: 22    XL:     13   Next: 50%
MP:   14/14         EV:  7    Int:  5    God:    Okawaru [*****.]
Gold: 854           SH: 18    Dex: 14    Spells: 12/12 levels left

rFire   . . .        a - +3 falchion (flame)
rCold   + . .        d - +0 tower shield
rNeg    . . .        c - +1 plate armour
rPois   +            (helmet restricted)
rElec   .            (no cloak)
rCorr   .            (no gloves)
SInv    .            (no boots)
Will    .....        u - amulet of regeneration Stlth
                     e - ring of protection from cold
HPRegen 1.19/turn    x - ring of poison resistance
MPRegen 0.14/turn

%: no passive effects
@: mighty, slowed, lightly drained, very slow
A: horns 2, retaliatory headbutt
a: Renounce Religion, Heroism, Finesse, Duel


You were on level 3 of the Lair of Beasts.
You worshipped Okawaru.
Okawaru was extremely pleased with you.
You visited 3 branches of the dungeon, and saw 16 of its levels.
You visited the Abyss 1 time.
You also visited: Ossuary.

You collected 854 gold pieces.

Inventory:

Hand Weapons
 a - a +3 falchion of flaming (weapon)
 b - a +4 long sword
Armour
 c - a +1 plate armour (worn)
 d - a +0 tower shield (worn)
 H - the +11 crystal plate armour of Okawaru's Pride {Int+5}
   (Okawaru gifted it to you on level 9 of the Dungeon)

   Int:       It affects your intelligence (+5).
Jewellery
 e - a ring of protection from cold (left hand)
 p - an amulet of guardian spirit
 u - an amulet of regeneration (around neck)
 x - a ring of poison resistance (right hand)
Wands
 A - a wand of flame (9)
 B - a wand of iceblast (4)
 E - a wand of polymorph (3)
 F - a wand of mindburst (4)
Scrolls
 f - 10 scrolls of teleportation
 g - 3 scrolls of fear
 k - 4 scrolls of fog
 m - 5 scrolls of immolation
 n - 4 scrolls of poison
 o - 5 scrolls of enchant weapon
 r - 2 scrolls of silence
 w - a scroll of butterflies
 z - 3 scrolls of identify
 G - a scroll of acquirement
Potions
 h - 3 potions of might
 i - 4 potions of heal wounds
 j - 2 potions of brilliance
 l - 3 potions of curing
 q - 4 potions of lignification
 s - 2 potions of mutation
 t - 7 potions of flight
 v - 3 potions of haste
 C - 3 potions of berserk rage
 D - 2 potions of ambrosia


   Skills:
 + Level 12.4 Fighting
 + Level 15.0 Long Blades
 + Level 14.6 Armour
 + Level 4.9 Dodging
 + Level 1.3 Stealth
 + Level 13.6 Shields
 + Level 2.8 Invocations
 + Level 0.3 Evocations


You had 12 spell levels left.
You didn't know any spells.
Your spell library contained the following spells:

 Spells                   Type           Power      Damage    Failure   Level
 Freeze                   Ice            0%         1d3       100%        1
 Sandblast                Erth           0%         2d4       100%        1
 Blink                    Tloc           0%         N/A       100%        2
 Lesser Beckoning         Tloc           0%         N/A       100%        2
 Momentum Strike          Conj/Tloc      0%         3d8       100%        2
 Passwall                 Tmut/Erth      0%         N/A       100%        2
 Dazzling Flash           Conj/Hex       0%         N/A       100%        3
 Frozen Ramparts          Ice            0%         1d1       100%        3
 Hailstorm                Conj/Ice       0%         3d3       100%        3
 Inner Flame              Hex/Fire       0%         N/A       100%        3
 Stone Arrow              Conj/Erth      0%         3d7       100%        3
 Volatile Blastmotes      Fire/Tloc      0%         2d10      100%        3
 Iskenderun's Mystic Bla  Conj/Tloc      0%         2d3       100%        4
 Petrify                  Tmut/Erth      0%         N/A       100%        4
 Metabolic Englaciation   Hex/Ice        0%         N/A       100%        5
 Yara's Violent Unravell  Hex/Tmut       0%         3d3       100%        5
 Starburst                Conj/Fire      0%         6d3       100%        6
 Statue Form              Tmut/Erth      0%         N/A       100%        6
 Enfeeble                 Hex            0%         N/A       100%        7
 Lehudib's Crystal Spear  Conj/Erth      0%         10d2      100%        8
 Animate Armour           Summ/Erth      Unusable   N/A       N/A         4

Dungeon Overview and Level Annotations

Branches:
Dungeon (12/15)            Temple (1/1) D:6            Lair (3/5) D:9
    Orc (0/2) D:9         Ossuary (visited)
  Swamp: Lair:2-3    Shoals: Lair:2-3     Snake: Lair:2-3    Spider: Lair:2-3

Altars:
Ashenzari
Cheibriados
Dithmenos
Elyvilon
Fedhas
Gozag
Hepliaklqana
Kikubaaqudgha
Makhleb
Okawaru
Qazlal
Ru
Sif Muna
Trog
Uskayaw
Vehumet
Wu Jian
Xom
Yredelemnul
Zin
The Shining One

Shops:
D:10 *:[

Annotations:
Temple 2 transporters
Lair:1 Dig
Lair:3 Sonja


Innate Abilities, Weirdness & Mutations

You have a pair of horns on your head.
You reflexively headbutt those who attack you in melee.


Message History

You are yanked forward by the harpoon shot.
You block the starflower's attack. The starflower tentacle-slaps you.
You block the starflower's attack.
You block the starflower's attack. x3; The starflower closely misses you.
The starflower fires a harpoon shot at you.
The harpoon shot hits you!
You are yanked forward by the harpoon shot.
You hit the starflower but do no damage.
The starflower tentacle-slaps you.
* * * LOW HITPOINT WARNING * * *
Space warps horribly around you!
* * * LOW HITPOINT WARNING * * *
You block the starflower's attack. x2
The starflower tentacle-slaps you but does no damage.
You block the starflower's attack.
The starflower tentacle-slaps you from afar.
* * * LOW HITPOINT WARNING * * *
Space warps around you.
* * * LOW HITPOINT WARNING * * *
You block the starflower's attack.
You feel like a meek peon again.
There is a gateway leading out of the Abyss here.
You pass through the gate.
Welcome back to the Lair of Beasts!
Level annotation: Sonja The cane toad stings you but does no damage.
You block the cane toad's attack. The cane toad stings you.
* * * LOW HITPOINT WARNING * * *
You block the cane toad's attack.
Sonja throws a curare-tipped dart.
The curare-tipped dart hits you.
You have difficulty breathing.
* * * LOW HITPOINT WARNING * * *
You feel yourself slow down.
As you read the scroll of fear, it crumbles to dust.
You assume a fearsome visage.
Sonja looks frightened!
The cane toad looks frightened!
The cane toad easily resists.
Sonja gestures wildly while chanting.
Sonja blinks!
You block the cane toad's attack.
Sonja casts a spell.
Sonja blinks!
The cane toad stings you!
You die...

##P............###
#....#P.#....##
##...#.......##
##...+........#
#....P........#
##....P..P...##
#.......?....#
#.........F..##
##....F..@...#
#.....§.....#
#............#
#...............
#....K...........
##...#.##..###...
#..... #### #..
.§.## ..


You could see 2 cane toads and Sonja (fleeing).

Vanquished Creatures
  A shadow dragon (Abyss:1)
  A starflower (Abyss:1)
  Harold (Lair:1)
  2 hydras
  4 two-headed ogres
  3 boulder beetles
  6 death yaks (D:9)
  Amaemon (Lair:1)
  Pikel (D:7)
  3 cyclopes
  5 slime creatures (D:12)
  3 black mambas
  An orange demon (Lair:1)
  A kobold demonologist (D:11)
  3 unseen horrors
  2 komodo dragons
  3 cane toads
  A rime drake (Lair:1)
  5 trolls
  A polar bear (Lair:2)
  7 dream sheep (Lair:2)
  12 blink frogs
  2 shadows
  31 yaks
  A basilisk (D:9)
  6 steam dragons
  6 vampire mosquitoes
  Menkaure (D:4)
  2 acid dragons
  5 water moccasins
  A hornet zombie (Ossuary)
  3 ice beasts
  2 ogres
  A phantom (D:6)
  6 bullfrogs
  A gnoll sergeant (D:8)
  4 wyvern zombies (Ossuary)
  2 scorpions
  2 water moccasin zombies (Ossuary)
  17 wights
  36 killer bees
  6 howler monkeys
  5 centaur zombies (Ossuary)
  10 bullfrog zombies (Ossuary)
  2 orc priests
  2 hounds (D:6)
  3 jellies
  4 iguanas
  A sleepcap (D:6)
  Jessica (D:2)
  11 orc wizards
  3 killer bee zombies (Ossuary)
  15 mummies (Ossuary)
  A howler monkey zombie (Ossuary)
  9 gnolls (D:8)
  10 adders
  A shadow imp (D:5)
  2 white imps
  An ufetubus (D:5)
  2 dart slugs
  27 orcs
  9 endoplasms
  2 giant cockroaches (D:1)
  4 goblins
  6 hobgoblins
  8 quokkas
  5 ball pythons
  3 bats
  2 frilled lizards (D:1)
  11 kobolds
  9 rats
371 creatures vanquished.

Notes
Turn   | Place    | Note
-------+----------+-------------------------------------------
     0 | D:1      | Peloso the Minotaur Fighter began the quest for the Orb.
     0 | D:1      | Reached XP level 1. HP: 19/19 MP: 0/0
   136 | D:1      | Reached XP level 2. HP: 27/27 MP: 1/1
   154 | D:1      | Found a faded altar of an unknown god.
   890 | D:2      | Reached skill level 3 in Long Blades
   890 | D:2      | Reached XP level 3. HP: 33/33 MP: 2/2
   932 | D:2      | Noticed Jessica
   936 | D:2      | Killed Jessica
   996 | D:2      | Reached XP level 4. HP: 40/40 MP: 3/3
  1530 | D:3      | Found a snail-covered altar of Cheibriados.
  1531 | D:3      | Found a glowing silver altar of Zin.
  1531 | D:3      | Found a basalt altar of Yredelemnul.
  1532 | D:3      | Found a shadowy altar of Dithmenos.
  1874 | D:3      | Found a glowing golden altar of the Shining One.
  2316 | D:4      | Reached skill level 4 in Long Blades
  2329 | D:4      | Reached XP level 5. HP: 39/47 MP: 4/4
  2566 | D:4      | Noticed Menkaure
  2577 | D:4      | Killed Menkaure
  2578 | D:4      | Reached skill level 5 in Long Blades
  2578 | D:4      | Reached skill level 5 in Armour
  2578 | D:4      | Reached XP level 6. HP: 5/53 MP: 5/5
  3112 | D:4      | Found an opulent altar of Gozag.
  3374 | D:5      | Entered Level 5 of the Dungeon
  3560 | D:5      | Found a blossoming altar of Fedhas.
  3715 | D:5      | Noticed an ice beast
  3724 | D:5      | Killed an ice beast
  3725 | D:5      | Reached skill level 6 in Long Blades
  3814 | D:5      | Reached skill level 5 in Fighting
  3814 | D:5      | Reached XP level 7. HP: 50/61 MP: 6/6
  4595 | D:6      | Reached skill level 7 in Long Blades
  4658 | D:6      | Reached skill level 5 in Shields
  4684 | D:6      | Reached XP level 8. HP: 48/70 MP: 5/7
  4950 | D:6      | Found a staircase to the Ecumenical Temple.
  4986 | Temple   | Entered the Ecumenical Temple
  4986 | Temple   | Found a transporter.
  4986 | Temple   | Found a transporter.
  4988 | Temple   | Found a transporter.
  4988 | Temple   | Found a transporter.
  4999 | Temple   | Became a worshipper of Warmaster Okawaru
  5147 | D:6      | Reached skill level 8 in Long Blades
  5596 | D:6      | Reached skill level 1 in Dodging
  5804 | D:7      | Noticed Pikel
  5844 | D:7      | Killed Pikel
  5844 | D:7      | Reached * piety under Okawaru
  5845 | D:7      | Reached skill level 9 in Long Blades
  5845 | D:7      | Reached XP level 9. HP: 44/79 MP: 4/8
  5947 | D:7      | Found a sand-covered staircase.
  5965 | Ossuary  | Entered an ossuary
  6006 | Ossuary  | Reached ** piety under Okawaru
  6014 | Ossuary  | Reached skill level 10 in Long Blades
  6318 | Ossuary  | Reached skill level 11 in Long Blades
  7701 | D:8      | Reached *** piety under Okawaru
  7973 | D:8      | Reached XP level 10. HP: 57/82 MP: 7/9
  8290 | D:8      | Reached skill level 10 in Armour
  8492 | D:8      | Reached skill level 12 in Long Blades
  8954 | D:8      | Reached skill level 1 in Stealth
  9182 | D:9      | Noticed a two-headed ogre
  9194 | D:9      | Killed a two-headed ogre
  9194 | D:9      | Received a gift from Okawaru
  9254 | D:9      | Reached **** piety under Okawaru
  9260 | D:9      | Identified the +1 ring mail of Depression {Regen+}
  9290 | D:9      | Found a staircase to the Orcish Mines.
  9328 | D:9      | Received a gift from Okawaru
  9457 | D:9      | Found a staircase to the Lair.
  9631 | D:9      | Reached skill level 1 in Invocations
  9695 | D:9      | Found a broken altar of Ashenzari.
  9699 | D:9      | Saw a vision of the Swamp and the Spider Nest.
  9699 | D:9      | Noticed a spriggan rider
  9699 | D:9      | Noticed a swamp dragon
  9699 | D:9      | Noticed an alligator
  9699 | D:9      | Noticed a spriggan druid
  9699 | D:9      | Noticed a moth of wrath
  9699 | D:9      | Noticed a demonic crawler
  9699 | D:9      | Noticed a demonic crawler
  9699 | D:9      | Noticed a goliath frog
  9700 | D:9      | Noticed a moth of wrath
  9700 | D:9      | Noticed a bunyip
  9700 | D:9      | Noticed a moth of wrath
  9701 | D:9      | Noticed a spriggan druid
  9813 | D:9      | Reached XP level 11. HP: 97/97 MP: 11/11
  9984 | D:10     | Entered Level 10 of the Dungeon
 10143 | D:10     | Reached ***** piety under Okawaru
 10144 | D:10     | Reached skill level 13 in Long Blades
 10261 | D:10     | Found Beblis's Book Shop.
 10451 | D:10     | Found a stormy altar of Qazlal.
 10757 | D:10     | Found Zeghynon's Armour Shop.
 10838 | D:10     | Found Nuuw Soqep's General Store.
 11022 | D:11     | Noticed a five-headed hydra
 11048 | D:11     | Killed a one-headed hydra
 11234 | D:11     | Noticed a two-headed ogre
 11239 | D:11     | Killed a two-headed ogre
 11240 | D:11     | Reached skill level 10 in Fighting
 11240 | D:11     | Noticed a two-headed ogre
 11248 | D:11     | Killed a two-headed ogre
 11360 | D:11     | Found the +1 robe of Vines {NoPotionHeal Regen++++}
 11631 | D:12     | Identified the +5 great sword "Ujud" {heavy, rF+ Will+}
                  | (Okawaru gifted it to you on level 12 of the Dungeon)
 11631 | D:12     | Received a gift from Okawaru
 11695 | D:12     | Noticed a boulder beetle
 11746 | D:12     | Killed a boulder beetle
 12027 | D:12     | Reached XP level 12. HP: 108/108 MP: 12/12
 12145 | D:12     | Noticed a two-headed ogre
 12156 | D:12     | Killed a two-headed ogre
 12157 | D:12     | Reached skill level 14 in Long Blades
 12163 | D:12     | Reached skill level 10 in Shields
 12401 | Lair:1   | Entered Level 1 of the Lair of Beasts
 12401 | Lair:1   | Noticed a death yak
 12402 | Lair:1   | Noticed a death yak
 12403 | Lair:1   | Noticed a death yak
 12403 | Lair:1   | Noticed a death yak
 12403 | Lair:1   | Noticed a death yak
 12407 | Lair:1   | Noticed a boulder beetle
 12431 | D:9      | Killed a death yak
 12431 | D:9      | Reached ****** piety under Okawaru
 12444 | Lair:1   | Noticed a death yak
 12475 | D:9      | Killed a death yak
 12475 | D:9      | Identified the +11 crystal plate armour of Okawaru's Pride
                  | {Int+5} (Okawaru gifted it to you on level 9 of the
                  | Dungeon)
 12475 | D:9      | Received a gift from Okawaru
 12491 | D:9      | Killed a death yak
 12520 | D:9      | Killed a death yak
 12524 | D:9      | Killed a death yak
 12532 | D:9      | Killed a death yak
 12553 | D:9      | Killed a boulder beetle
 13198 | Lair:1   | Noticed Amaemon
 13216 | Lair:1   | Killed Amaemon
 13401 | Lair:1   | Noticed Harold
 13419 | Lair:1   | Killed Harold
 13420 | Lair:1   | Reached XP level 13. HP: 76/117 MP: 11/13
 13997 | Lair:1   | Identified a scroll of acquirement
 14102 | Lair:2   | Received a gift from Okawaru
 14991 | Lair:3   | Noticed Sonja
 14999 | Abyss:1  | Cast into level 1 of the Abyss (Sonja)
 15003 | Abyss:1  | Found a corrupted altar of Lugonu.
 15027 | Abyss:1  | Noticed a shadow dragon
 15054 | Abyss:1  | Killed a shadow dragon
 15074 | Abyss:1  | Noticed a starflower
 15082 | Abyss:1  | Killed a starflower
 15083 | Abyss:1  | Reached skill level 15 in Long Blades
 15084 | Abyss:1  | Noticed a starflower
 15084 | Abyss:1  | Noticed a starflower
 15084 | Abyss:1  | Noticed a starflower
 15095 | Lair:3   | Escaped the Abyss
 15096 | Lair:3   | Slain by a cane toad

Illustrated notes

Levels and vault maps discovered:
D:1:      saegor_arrival_under_anarchy, layout_basic, basic_ecumenical_altar,
          lexackson_kobold_supper
D:2:      layout_loops_cross, uniq_jessica
D:3:      layout_loops_ring, chequers_temple_overflow_statue_of_worship,
          nicolae_tso_carved_into_rock
D:4:      minmay_general_purpose_star, layout_basic, grunt_gozag_statues,
          uniq_menkaure
D:5:      layout_cave_pods, fedhas_altar_4
D:6:      layout_basic, minmay_temple_entry_overgrown
D:7:      layout_gridville, nicolae_ossuary_entry_false_entrances,
          chequers_decorated_corner, uniq_pikel
D:8:      layout_loops_cross
D:9:      layout_rooms, grunt_ashenzari_visionary
          [grunt_ashenzari_visionary_swamp, grunt_ashenzari_visionary_spider],
          lair_entry_dummy
D:10:     layout_loops_ring, grunt_qazlal_clouds, serial_shops, shop,
          nicolae_shop_window_shopping, shop
D:11:     layout_roguey, hellmonk_guarded_unrand_vines
D:12:     layout_roguey
Temple:   hellmonk_temple_divided_pantheon
Lair:1:   wad_woods_minihive, layout_regular_city, uniq_harold, uniq_amaemon
Lair:2:   layout_chaotic_city, infiniplex_staircase_pool_2, lemuel_fruit_fields,
          grunt_megastairs_1
Lair:3:   gammafunk_boulding_lane, layout_chaotic_city,
          nicolae_swamp_entry_splash_gauntlet, dummy_spider_entry, uniq_sonja

Skill      XL: |  1  2  3  4  5  6  7  8  9 10 11 12 13 |
---------------+----------------------------------------+-----
Fighting       | 4 5 7 9 10 11 12 | 12.4
Armour         | 4 5 6 8 9 11 13 14 | 14.6
Long Blades    | 3 4 5 6 7 9 11 12 13 14 15 | 15.0
Shields        | 4 5 6 7 9 12 13 | 13.6
Dodging        | 1 2 3 4 |  4.9
Stealth        | 1 |  1.3
Invocations    | 1 2 |  2.8
Evocations     | |  0.3

Action                     |  1- 3 |  4- 6 |  7- 9 | 10-12 | 13-15 || total
---------------------------+-------+-------+-------+-------+-------++-------
  Melee: Long sword        |   185 |   134 |   472 |   100 |       ||   891
         Headbutt          |    46 |    27 |   125 |   222 |    74 ||   494
         Falchion          |       |       |       |   844 |   257 ||  1101
 Invoke: Heroism           |       |       |     1 |    13 |     3 ||    17
  Evoke: Wand              |       |       |       |     5 |       ||     5
    Use: Potion            |     1 |     2 |     2 |     5 |     3 ||    13
         Scroll            |       |     7 |     9 |     6 |     2 ||    24
 Armour: Scale mail        |    12 |       |       |       |       ||    12
         Plate armour      |    33 |    76 |   258 |   418 |    67 ||   852
  Dodge: Dodged            |    25 |    40 |   121 |   173 |    35 ||   394
  Block: Buckler           |    10 |    29 |    91 |    30 |       ||   160
         Tower shield      |       |       |       |   634 |   210 ||   844
